 Dungeon Crawl Stone Soup version 0.20-a0-739-g6bb112f (webtiles) character file.

119044 Gorglomux the Unseen (level 16, -1/85 HPs)
             Began as a Spriggan Enchanter on Feb 24, 2017.
             Was the Champion of Ashenzari.
             Shot with a bolt by a naga sharpshooter (20 damage)
             ... on level 2 of the Snake Pit.
             The game lasted 01:52:27 (32468 turns).

Gorglomux the Unseen (Spriggan Enchanter)          Turns: 32468, Time: 01:52:28

Health: -1/85      AC:  5    Str:  4    XL:     16   Next: 26%
Magic:  34/37      EV: 33    Int: 24    God:    Ashenzari [******]
Gold:   769        SH: 11    Dex: 16    Spells: 11/47 levels left

rFire    . . .     SeeInvis +   r - +9 short sword (drain) (curse)
rCold    + . .     Gourm    .   x - +2 robe {MR+} (curse)
rNeg     . . .     Faith    .   j - +3 buckler {rC+} (curse)
rPois    +         Spirit   .   (helmet restricted)
rElec    .         Reflect  .   E - +0 cloak (curse)
rCorr    .         Harm     .   (gloves unavailable)
MR       ++++.     Clarity  +   (boots unavailable)
Stlth    +++++++...             u - amulet of magic regeneration (curse)
Regen    0.3/turn               o - ring of poison resistance (curse)
MPRegen  0.4/turn               m - ring of protection from magic (curse)

@: very quick
A: unfitting armour, see invisible, herbivore 3, speed 3, slow metabolism 2
a: Curse Item, Scrying, Transfer Knowledge, Renounce Religion


You were on level 2 of the Snake Pit.
You worshipped Ashenzari.
Ashenzari was exalted by your worship.
You were not hungry.

You visited 5 branches of the dungeon, and saw 26 of its levels.
You visited 1 bazaar.
You also visited: Labyrinth and Volcano.

You collected 2668 gold pieces.
You spent 1899 gold pieces at shops.

Inventory:

Hand Weapons
 r - a cursed +9 short sword of draining (weapon)
Missiles
 Z - 2 throwing nets (quivered)
Armour
 j - a cursed +3 buckler of cold resistance (worn)
 x - a cursed +2 robe of magic resistance (worn)
 E - a cursed +0 cloak (worn)
Jewellery
 k - the ring "Fucluy" {rF+ Slay+3 SInv}
   (You found it in a labyrinth)

   [ring of see invisible]

   It affects your accuracy and damage with ranged weapons and melee attacks
   (+3).
   It protects you from fire.
   It lets you see invisible.
 m - a cursed ring of protection from magic (left hand)
 o - a cursed ring of poison resistance (right hand)
 u - a cursed amulet of magic regeneration (around neck)
Wands
 A - a wand of acid (7/15)
 D - a wand of digging (1/24)
 I - a wand of iceblast (6/15)
 J - a wand of lightning (6/15)
 L - a wand of lightning (8/15)
 P - a wand of paralysis (11/24)
 W - a wand of lightning (10/15)
Scrolls
 s - a scroll of immolation
 y - a scroll of summoning
 z - 3 scrolls of fear
 G - 2 scrolls of fog
 H - a scroll of holy word
 M - 3 scrolls of magic mapping
 R - 8 scrolls of identify
 T - 10 scrolls of teleportation
 V - 4 scrolls of recharging
 X - a scroll of remove curse
Potions
 c - a potion of agility
 h - 4 potions of ambrosia
 p - 2 potions of mutation
 q - 3 potions of resistance
 t - a potion of heal wounds
 v - 3 potions of magic
 C - 6 potions of cancellation
 F - 2 potions of berserk rage
 N - 2 potions of invisibility
 O - 8 potions of curing
 Q - 2 potions of brilliance
 S - 2 potions of flight
 Y - 7 potions of haste
Miscellaneous
 K - a fan of gales
 U - a box of beasts
Comestibles
 d - 10 bread rations
 g - 8 fruits
 w - 18 royal jellies


   Skills:
 - Level 10.0 Fighting
 - Level 10.2(14.5) Short Blades
 - Level 15.0(17.6) Dodging
 - Level 16.7(19.1) Stealth
 - Level 4.1(7.0) Shields
 + Level 16.3 Spellcasting
 - Level 14.1(18.2) Hexes
 + Level 8.1(12.5) Translocations
 - Level 1.6(4.6) Ice Magic
 - Level 5.3(9.8) Poison Magic


You had 11 spell levels left.
You knew the following spells:

 Your Spells              Type           Power        Failure   Level  Hunger
a - Blink                 Tloc           N/A          1%          2    None
b - Olgreb's Toxic Radia  Pois           ######..     1%          4    None
c - Dispersal             Tloc           ######....   2%          6    ####...
d - Cause Fear            Hex            #######...   0%          4    None
o - Apportation           Tloc           ######       0%          1    None
x - Confuse               Hex            #######.     0%          3    None
z - Ensorcelled Hibernat  Hex/Ice        ######       1%          2    None
C - Controlled Blink      Tloc           N/A          91%         8    #######
I - Invisibility          Hex            #######.     1%          6    ####...


Dungeon Overview and Level Annotations

Branches:
Dungeon (15/15)            Temple (1/1) D:6            Lair (6/6) D:11
  Swamp (0/4) Lair:3        Snake (2/4) Lair:3        Slime (0/5) Lair:5
    Orc (2/2) D:12            Elf (0/3) Orc:2        Vaults (0/5) D:14
 Depths (0/5) D:15

Altars:
Ashenzari
Cheibriados
Dithmenos
Elyvilon
Fedhas
Gozag
Hepliaklqana
Kikubaaqudgha
Makhleb
Nemelex Xobeh
Okawaru
Qazlal
Ru
Sif Muna
Trog
Uskayaw
Vehumet
Wu Jian
Xom
Yredelemnul
Zin
The Shining One
Jiyva

Shops:
D:6 [   D:11 *   D:12 :   Orc:2 *(*(

Portals:
Trove: D:12 (give 20 scrolls of identify)

Annotations:
Snake:2 Vashnia


Innate Abilities, Weirdness & Mutations

You are very small and have problems with some larger weapons.
You are too small for most types of armour.
You have supernaturally acute eyesight. (SInv)
You are a herbivore.
You cover ground extremely quickly.
You need consume almost no food.


Message History

You hear an angry hiss.
You hear a shout! x2
You see here 4 bolts.
Casting: Ensorcelled Hibernation
Confirm with . or Enter, or press ? or * to list all spells.
Aiming: Ensorcelled Hibernation
Press: ? - help, Shift-Dir - straight line, f/p - naga sharpshooter
Aim: a naga sharpshooter, wielding a shortbow and wearing a robe (catching its breath, chance to defeat MR: 22%)
The naga sharpshooter resists with almost no effort.
The naga sharpshooter casts a spell.
The naga sharpshooter magically shoots an arrow.
The arrow hits you!!
* * * LOW HITPOINT WARNING * * *
You hear an angry hiss.
You feel much better.
The naga sharpshooter spits poison at you.
The splash of poison misses you.
The naga sharpshooter casts a spell.
The naga sharpshooter magically shoots a bolt.
The bolt hits you!!
You die...

######### .(([....#
#######.#################**
* *
.(..(.((.....((.@NN......,,
,, ,
########.#########.######*
* * * #.# * , ,...∆ * #(#
*∆∆ ,....#* * #.....# * *,
.{{N.. * #...... , ,.......
#....... * ∆ N...N..
#..[..{{.,,, ,.......* *
######....,****,, ,, , * *
,


You could see 2 naga sharpshooters and a naga.

Vanquished Creatures
  Frances (D:13)
  The ghost of retryentry the Severer, a journeyman HOFi of Okawaru (D:13)
  Azrael (D:13)
  Snorg (D:10)
  A minotaur (Lab)
  An ettin (Orc:2)
  A fire dragon (D:15)
  An ice dragon (D:15)
  A vault guard (D:14)
  3 anacondas
  8 hydras
  Erica (D:10)
  11 two-headed ogres
  A death knight (D:13)
  An ogre mage (D:15)
  3 centaur warriors
  A death yak (Lair:4)
  An orc high priest (Orc:2)
  3 naga sharpshooters
  4 shock serpents
  Sonja (Lair:1)
  9 skeletal warriors
  3 unseen horrors (D:15)
  2 naga ritualists (Snake:1)
  Pikel (D:6)
  2 wolf spiders (Lair:6)
  An orc knight (D:15)
  2 deep elf magi
  16 ugly things
  4 mana vipers (Snake:1)
  4 orc sorcerers (Orc:2)
  A manticore (D:14)
  8 cyclopes
  A salamander (Snake:1)
  2 centaur zombies (D:15)
  A guardian serpent (Lair:6)
  25 black mambas
  Joseph (D:7)
  2 naga magi (Snake:1)
  14 spiny frogs
  A molten gargoyle (Volcano)
  A rime drake (Lair:4)
  4 gargoyles
  11 komodo dragons
  2 tengu conjurers (D:14)
  5 trolls
  A queen bee (Lair:1)
  3 meliai (D:15)
  34 blink frogs
  5 polar bears
  Prince Ribbit (D:5)
  3 hornets
  4 dream sheep (Lair:6)
  6 hippogriffs
  8 slime creatures (D:12)
  Sigmund (D:6)
  3 redbacks (Lair:6)
  A shadow (D:11)
  2 water elementals
  4 hogs (D:7)
  A human (D:7)
  40 yaks
  5 wraiths
  19 wyverns
  4 fire elementals
  5 basilisks
  7 vampire mosquitoes
  8 swamp worms (Lair:6)
  Menkaure (D:6)
  3 wargs
  5 nagas (Snake:1)
  25 water moccasins
  2 hell hounds (D:13)
  6 porcupines
  2 sky beasts
  3 slaves (D:6)
  5 ice beasts
  A black bear (Lair:2)
  A necrophage (D:10)
  6 ogres
  22 orc warriors
  3 phantoms
  An eye of draining (D:15)
  4 wolves (Lair:1)
  12 centaurs
  8 crocodiles
  2 big kobolds
  13 bullfrogs
  2 wyvern zombies (D:7)
  A wyvern skeleton (D:12)
  A water moccasin zombie (D:10)
  5 scorpions
  33 killer bees
  10 wights
  3 howler monkeys
  An electric eel (Lair:1)
  11 crimson imps
  A bullfrog zombie (D:12)
  12 hounds
  5 jellies
  37 orc wizards
  22 orc priests
  5 bullfrog skeletons
  An iron imp (D:9)
  6 centaur skeletons
  7 hell rats (Lair:4)
  Natasha (twice) (D:2)
  3 iguanas
  11 worker ants
  A killer bee zombie (D:10)
  2 hound zombies (D:5)
  A hound skeleton (D:4)
  2 worker ant zombies
  A howler monkey skeleton (D:6)
  19 adders
  9 gnolls
  3 shadow imps
  An ooze (D:3)
  An adder zombie (D:6)
  An adder skeleton (D:6)
  14 worms
  4 dart slugs (D:1)
  3 leopard geckos
  68 orcs
  3 giant cockroaches
  8 goblins
  3 hobgoblins
  7 jackals
  18 kobolds
  5 quokkas
  4 ball pythons
  7 bats
  5 frilled lizards
  3 goblin skeletons (D:9)
  A goblin zombie (D:9)
  A hobgoblin zombie (D:9)
  A jackal skeleton (D:4)
  3 orc zombies (D:9)
  7 rats
  A fungus (D:2)
  A plant (Lair:6)
847 creatures vanquished.

Vanquished Creatures (others)
  A hound (D:4)
  An orc wizard (Orc:2)
  An iguana (D:4)
  2 orcs (D:4)
  A giant cockroach (D:4)
  13 fungi
  17 plants
36 creatures vanquished.

Grand Total: 883 creatures vanquished

Notes
Turn   | Place    | Note
-------+----------+-------------------------------------------
     0 | D:1      | Gorglomux the Spriggan Enchanter began the quest for the Orb.
     0 | D:1      | Reached XP level 1. HP: 9/9 MP: 5/5
    66 | D:1      | Reached XP level 2. HP: 10/13 MP: 6/6
   741 | D:1      | Reached skill level 6 in Stealth
  1060 | D:1      | Learned a level 2 spell: Ensorcelled Hibernation
  1263 | D:1      | Reached XP level 3. HP: 8/16 MP: 8/8
  1895 | D:2      | Learned a level 3 spell: Confuse
  1901 | D:2      | Found a sacrificial altar of Ru.
  1901 | D:2      | Noticed Natasha
  1907 | D:2      | Killed Natasha
  1929 | D:2      | Reached XP level 4. HP: 21/21 MP: 5/9
  2280 | D:2      | Noticed Natasha
  2286 | D:2      | Killed Natasha
  2354 | D:2      | Found a white marble altar of Elyvilon.
  2370 | D:2      | Became a worshipper of Elyvilon the Healer
  2446 | D:2      | Found a shimmering altar of Xom.
  2613 | D:3      | Found a hazy altar of Hepliaklqana.
  2791 | D:3      | Reached * piety under Elyvilon
  2841 | D:3      | Reached XP level 5. HP: 13/24 MP: 10/10
  3055 | D:3      | Found a burning altar of Makhleb.
  3334 | D:3      | Reached skill level 3 in Short Blades
  3858 | D:4      | Noticed a phantom
  4461 | D:4      | Killed a phantom
  4461 | D:4      | Reached XP level 6. HP: 28/28 MP: 1/11
  4546 | D:4      | Found a shimmering altar of Xom.
  4988 | D:4      | Found a stormy altar of Qazlal.
  5037 | D:4      | Reached skill level 3 in Spellcasting
  5477 | D:5      | Entered Level 5 of the Dungeon
  5514 | D:5      | Reached XP level 7. HP: 4/32 MP: 10/14
  5949 | D:5      | Found a blossoming altar of Fedhas.
  5950 | D:5      | Reached ** piety under Elyvilon
  6056 | D:5      | Found an iron altar of Okawaru.
  6145 | D:5      | Noticed Prince Ribbit
  6150 | D:5      | Killed Prince Ribbit
  6150 | D:5      | Reached skill level 6 in Hexes
  6362 | D:5      | Reached skill level 6 in Spellcasting
  6485 | D:5      | Reached XP level 8. HP: 30/36 MP: 18/18
  6535 | D:5      | Found a sparkling altar of Nemelex Xobeh.
  7113 | D:5      | Reached *** piety under Elyvilon
  7331 | D:6      | Found a staircase to the Ecumenical Temple.
  7510 | Temple   | Entered the Ecumenical Temple
  7548 | Temple   | Fell from the grace of Elyvilon
  7548 | Temple   | Became a worshipper of Ashenzari the Shackled
  7642 | D:6      | Noticed Sigmund
  7660 | D:6      | Killed Sigmund
  7747 | D:6      | Found Ulyqifory's Antique Armour Boutique.
  7776 | D:6      | Bought a ripped robe for 125 gold pieces
  7780 | D:6      | Noticed Menkaure
  7793 | D:6      | Killed Menkaure
  8350 | D:6      | Reached skill level 1 in Fighting
  8365 | D:6      | Noticed Pikel
  8517 | D:6      | Killed Pikel
  8517 | D:6      | Reached skill level 6 in Dodging
  8517 | D:6      | Reached XP level 9. HP: 26/43 MP: 10/22
  8714 | D:6      | Found a bloodstained altar of Trog.
  8828 | D:6      | Reached skill level 3 in Fighting
  9211 | D:7      | Noticed Joseph
  9217 | D:7      | Killed Joseph
  9386 | D:7      | Reached skill level 9 in Dodging
  9390 | D:7      | Found a deep blue altar of Sif Muna.
  9516 | D:7      | Reached skill level 1 in Shields
  9815 | D:7      | Reached * piety under Ashenzari
  9841 | D:7      | Reached skill level 3 in Shields
  9871 | D:7      | Reached XP level 10. HP: 49/49 MP: 12/23
 10424 | D:8      | Identified the +1 robe of Qajej {rF- rCorr Dex+7} (You bought it in a shop on level 6 of the Dungeon)
 10524 | D:8      | Reached skill level 9 in Stealth
 10691 | D:8      | Found a hide-covered altar of Uskayaw.
 10748 | D:8      | Noticed a two-headed ogre
 10761 | D:8      | Killed a two-headed ogre
 10761 | D:8      | Reached skill level 6 in Short Blades
 11289 | D:9      | Reached ** piety under Ashenzari
 11293 | D:9      | Found a glowing golden altar of the Shining One.
 12006 | D:9      | Identified Qaucwip's Wizardry, Part Two
 12139 | D:10     | Entered Level 10 of the Dungeon
 12437 | D:10     | Reached skill level 12 in Stealth
 12557 | D:10     | Found an ancient bone altar of Kikubaaqudgha.
 12559 | D:10     | Noticed Snorg
 12573 | D:10     | Killed Snorg
 12573 | D:10     | Reached XP level 11. HP: 55/55 MP: 18/24
 12734 | D:10     | Noticed Erica
 12737 | D:10     | Killed Erica
 12881 | D:10     | Reached skill level 6 in Fighting
 13121 | D:11     | Noticed a five-headed hydra
 13151 | D:11     | Killed a five-headed hydra
 13502 | D:11     | Learned a level 4 spell: Olgreb's Toxic Radiance
 13517 | D:11     | Reached skill level 9 in Hexes
 13519 | D:11     | Reached skill level 9 in Short Blades
 13645 | D:11     | Reached *** piety under Ashenzari
 13708 | D:11     | Found a staircase to the Lair.
 13946 | D:11     | Noticed a two-headed ogre
 13948 | D:11     | Noticed a two-headed ogre
 13960 | D:11     | Killed a two-headed ogre
 13975 | D:11     | Killed a two-headed ogre
 14015 | D:11     | Noticed a purple ugly thing
 14022 | D:11     | Killed a purple ugly thing
 14022 | D:11     | Reached skill level 1 in Ice Magic
 14022 | D:11     | Reached skill level 1 in Poison Magic
 14144 | D:11     | Found Zoxioq's Assorted Antiques.
 14161 | D:11     | Bought a scroll of identify for 60 gold pieces
 14161 | D:11     | Bought a scroll labeled RUEPSO MOSOSE for 30 gold pieces
 14584 | Lair:1   | Entered Level 1 of the Lair of Beasts
 14620 | Lair:1   | Reached skill level 3 in Poison Magic
 14771 | Lair:1   | Reached XP level 12. HP: 30/61 MP: 21/25
 15133 | Lair:1   | Noticed Sonja
 15146 | Lair:1   | Killed Sonja
 15231 | Lair:1   | Noticed a seven-headed hydra
 15273 | Lair:1   | Killed a seven-headed hydra
 15661 | Lair:2   | Reached **** piety under Ashenzari
 16022 | Lair:2   | Reached skill level 12 in Dodging
 16216 | Lair:2   | Noticed a five-headed hydra
 16236 | Lair:2   | Killed a five-headed hydra
 16607 | Lair:3   | Found a labyrinth entrance.
 16627 | Lair:3   | Reached skill level 15 in Stealth
 16653 | Lab      | Entered a labyrinth
 16918 | Lab      | Noticed a minotaur
 16923 | Lab      | Killed a minotaur
 16923 | Lab      | Identified the cursed +1 ring mail of Sikhletu {rC+ Dex+2} (You took it off a minotaur in a labyrinth)
 16931 | Lab      | Identified the +1 falchion "Giuleo" {slice, rPois}
 16931 | Lab      | Identified the ring "Fucluy" {rF+ Slay+3 SInv}
 17231 | Lair:3   | Noticed an eight-headed hydra
 17344 | Lair:3   | Killed an eight-headed hydra
 17344 | Lair:3   | Reached XP level 13. HP: 55/65 MP: 1/26
 17898 | Lair:3   | Found a staircase to the Snake Pit.
 17975 | Lair:3   | Reached skill level 15 in Dodging
 18023 | Lair:3   | Found a staircase to the Swamp.
 18432 | Lair:4   | Reached skill level 9 in Spellcasting
 18685 | Lair:4   | Reached ***** piety under Ashenzari
 18939 | Lair:4   | Identified a scroll of acquirement
 18950 | Lair:4   | Learned a level 4 spell: Cause Fear
 19346 | Lair:5   | Found a viscous altar of Jiyva.
 19368 | Lair:5   | Found a dark tunnel.
 19386 | Volcano  | Entered a volcano
 19628 | Lair:5   | Identified the +2 leather armour of the Frog {rElec}
 19849 | Lair:5   | Reached skill level 12 in Spellcasting
 19870 | Lair:5   | Found a staircase to the Slime Pits.
 20261 | Lair:6   | Entered Level 6 of the Lair of Beasts
 20360 | Lair:6   | HP: 3/67 [komodo dragon (29)]
 21055 | Lair:6   | Reached XP level 14. HP: 72/72 MP: 18/31
 21495 | Lair:6   | Reached skill level 9 in Fighting
 22627 | D:12     | Found a portal to a secret trove of treasure.
 22802 | D:12     | Found a staircase to the Orcish Mines.
 22975 | D:12     | Found Jujof's Book Boutique.
 22990 | D:12     | Bought a book of Party Tricks for 750 gold pieces
 22997 | D:12     | Learned a level 6 spell: Invisibility
 22999 | D:12     | Learned a level 1 spell: Apportation
 23426 | D:13     | Noticed retryentry's ghost (journeyman HOFi)
 23592 | D:13     | Killed retryentry's ghost
 24021 | D:13     | Noticed Azrael
 24025 | D:13     | Reached ****** piety under Ashenzari
 24028 | D:13     | Killed Azrael
 24249 | D:13     | Noticed Frances
 24294 | D:13     | Killed Frances
 24812 | D:14     | Reached XP level 15. HP: 80/80 MP: 27/33
 24818 | D:14     | Found a gate to the Vaults.
 25022 | D:14     | Reached skill level 12 in Hexes
 25200 | D:14     | Learned a level 2 spell: Blink
 25853 | D:15     | Entered Level 15 of the Dungeon
 26109 | D:15     | Found a staircase to the Depths.
 27284 | D:15     | Reached skill level 15 in Spellcasting
 28109 | Orc:1    | Entered Level 1 of the Orcish Mines
 28499 | Orc:2    | Entered Level 2 of the Orcish Mines
 28499 | Orc:2    | Found a staircase to the Elven Halls.
 28588 | Orc:2    | Found a flickering gateway to a bazaar.
 28594 | Bazaar   | Entered a bazaar
 28601 | Bazaar   | Found Ogimiol's Book Shop.
 28615 | Bazaar   | Found Daxzea's Food Boutique.
 28629 | Bazaar   | Found Xahi's Magic Scroll Shop.
 28643 | Bazaar   | Found Tiluangi's Food Boutique.
 28672 | Bazaar   | Found Wussuf's Food Boutique.
 28686 | Bazaar   | Found Xetuol's Food Shop.
 28797 | Bazaar   | Bought a book of the Warp for 810 gold pieces
 28959 | Orc:2    | Reached skill level 1 in Translocations
 29182 | Orc:2    | Found Cuxuroh's General Store.
 29182 | Orc:2    | Found Hazutokk's Antique Weapon Boutique.
 29182 | Orc:2    | Found Xuat's Assorted Antiques.
 29187 | Orc:2    | Found Dahate's Weapon Shop.
 29279 | Orc:2    | Reached skill level 3 in Translocations
 29355 | Orc:2    | Bought a scroll of identify for 52 gold pieces
 29355 | Orc:2    | Bought a scroll of identify for 52 gold pieces
 29361 | Orc:2    | Bought a scroll of identify for 20 gold pieces
 30018 | Lair:1   | Learned a level 6 spell: Dispersal
 30027 | Lair:1   | Learned a level 8 spell: Controlled Blink
 30184 | Snake:1  | Entered Level 1 of the Snake Pit
 30443 | Snake:1  | Reached XP level 16. HP: 79/85 MP: 17/36
 30675 | Snake:1  | Reached skill level 6 in Translocations
 31568 | Snake:2  | Noticed Vashnia
 32468 | Snake:2  | Shot with a bolt by a naga sharpshooter

Vault maps used:
D:1:      dpeg_arrival_rhombus, minmay_misc_feat_four_crosses,
          serial_bayou_pond_c, kennysheep_crisscross
D:2:      nicolae_ru_awakened_eye, elyvilon_altar_1, lemuel_crystal_altar,
          first_bread, minmay_gold_behind_fungi, uniq_natasha
D:3:      nicolae_overflow_hidden_temple, makhleb_heckhound_becter
D:4:      kennysheep_spiral_hall, nicolae_overflow_crystal_walls,
          xom_confusion_cloud
D:5:      nemelex_xobeh_ov_fountains_minmay, old_standard_altar,
          grunt_decor_arrowhead, grunt_decor_resistance, okawaru_trees_2,
          uniq_prince_ribbit1
D:6:      temple_statues, serial_shops, shop, trog_book, uniq_menkaure,
          uniq_sigmund, uniq_pikel
D:7:      basic_altar, grunt_livestock, minmay_misc_feat_tower,
          minmay_misc_feat_five, uniq_joseph
D:8:      marbit_many_paths
D:9:      nicolae_tso_besieged_by_evil
D:10:     basic_altar, roderic_nine_men_s_morris, uniq_erica, uniq_snorg
D:11:     erik_lair_orcish_takeover, serial_shops, shop
D:12:     serial_shops, shop, nicolae_trove_entry_crystal
D:13:     bh_walls_and_bars, uniq_azrael, uniq_frances
D:14:     david_vaults_5, amethyst_killhole
D:15:     grunt_enter_depths_hoard, moated_statue
Temple:   minmay_temple_bridge_abc
Lair:1:   infiniplex_staircase_pool, grunt_megastairs_5, uniq_sonja
Lair:2:   beast_lair_carwin_1
Lair:3:   swamp_mist_pool, minmay_snake_entry_six_corridors, lab_entry_generic,
          hangedman_lair_generics_rect
Lair:4:   beast_lair_carwin_2, lemuel_fruit_tree
Lair:5:   slime_altar_1, enter_volcano_2, serial_bayou_pond_d
Lair:6:   hangedman_lair_tendril_chambers, worms_lemuel
Snake:1:  grunt_ministairs_6
Snake:2:  uniq_vashnia
Orc:1:    nicolae_orc_accident_1
Orc:2:    st_orc_mages, special_room, serial_shops, bzr_entry_safe
Lab:      labyrinth_mini_lab, nicolae_lab_stuck, nicolae_lab_big_swirl,
          nicolae_lab_x, nicolae_lab_grate_2
Bazaar:   bazaar_minmay_snake
Volcano:  volcano_overflow

Skill      XL: |  1  2  3  4  5  6  7  8  9 10 11 12 13 14 15 16 |
---------------+-------------------------------------------------+-----
Stealth        | 5 6 7 8 12 15 16 | 16.7
Short Blades   | 2 4 5 8 10 | 10.2
Spellcasting   | 4 6 8 12 13 15 16 | 16.3
Hexes          | 4 6 8 10 11 14 | 14.1
Fighting       | 2 3 5 6 7 10 | 10.0
Dodging        | 6 9 13 15 | 15.0
Shields        | 4 |  4.1
Ice Magic      | 1 |  1.6
Poison Magic   | 4 5 |  5.3
Translocations | 4 8 |  8.1

Action                   |  1- 3 |  4- 6 |  7- 9 | 10-12 | 13-15 | 16-18 || total
-------------------------+-------+-------+-------+-------+-------+-------++-------
Melee: Dagger            |   187 |   225 |   439 |   110 |       |       ||   961
       Short sword       |       |       |       |   511 |  1079 |    65 ||  1655
 Fire: Hunting sling     |       |    41 |       |       |       |       ||    41
Throw: Stone             |       |       |     3 |       |       |       ||     3
 Cast: Ensorcelled Hiber |     4 |    26 |    62 |   124 |   192 |    13 ||   421
       Corona            |     1 |     3 |     3 |       |       |       ||     7
       Confuse           |       |     9 |    17 |    56 |    69 |     4 ||   155
       Olgreb's Toxic Ra |       |       |       |    10 |    52 |     2 ||    64
       Cause Fear        |       |       |       |       |     8 |     1 ||     9
       Invisibility      |       |       |       |       |     9 |       ||     9
       Dispersal         |       |       |       |       |     2 |       ||     2
Invok: Curse Item        |       |       |     2 |     3 |     2 |       ||     7
       Scrying           |       |       |       |       |     3 |       ||     3
Evoke: Wand              |       |       |       |       |     4 |       ||     4
  Use: Scroll            |     3 |     5 |     4 |     8 |    26 |     1 ||    47
       Potion            |       |       |       |       |       |     1 ||     1
 Stab: Sleeping          |    12 |    17 |    45 |   110 |   169 |    27 ||   380
       Distracted        |     1 |       |       |     3 |    10 |       ||    14
       Confused          |       |     2 |    17 |    32 |    38 |     1 ||    90
       Invisible         |       |       |       |       |    20 |       ||    20
  Eat: Royal jelly       |       |     3 |     2 |     1 |     3 |       ||     9
       Fruit             |       |       |       |     6 |       |       ||     6
       Bread ration      |       |       |       |       |     3 |       ||     3
Armor: Robe              |    19 |    12 |    31 |    28 |    27 |     1 ||   118
Dodge: Dodged            |   139 |   165 |   246 |   359 |   549 |    30 ||  1488
Block: Buckler           |       |       |     9 |   183 |   271 |    16 ||   479
